 Dungeon Crawl Stone Soup version 0.22.0-75-g3901e7991e (webtiles) character file.

76 Peloso the Skirmisher (level 4, -1/40 HPs)
             Began as a Minotaur Fighter on Sept 15, 2018.
             Killed by divine providence
             ... invoked by an orc priest
              (8 damage)
             ... on level 3 of the Dungeon.
             The game lasted 00:05:06 (1541 turns).

Peloso the Skirmisher (Minotaur Fighter)            Turns: 1541, Time: 00:05:07

Health: -1/40      AC:  7    Str: 20    XL:     4   Next: 12%
Magic:  3/3        EV:  8    Int:  5    God:
Gold:   48         SH:  9    Dex: 11    Spells: 3/3 levels left

rFire    . . .     SeeInvis .   a - +0 long sword
rCold    . . .     Gourm    .   c - +0 shield
rNeg     . . .     Faith    .   b - +0 scale mail
rPois    .         Spirit   .   (helmet restricted)
rElec    .         Reflect  .   (no cloak)
rCorr    .         Harm     .   (no gloves)
MR       .....                  (no boots)
Stlth    ..........             (no amulet)
HPRegen  0.13/turn              (no ring)
MPRegen  0.08/turn              (no ring)

@: no status effects
A: retaliatory headbutt, horns 2
a: no special abilities


You were on level 3 of the Dungeon.
You were not hungry.

You visited 1 branch of the dungeon, and saw 4 of its levels.

You collected 48 gold pieces.

Inventory:

Hand Weapons
 a - a +0 long sword (weapon)
Armour
 b - a +0 scale mail (worn)
 c - a +0 shield (worn)
Jewellery
 k - an uncursed amulet of harm {unknown}
Scrolls
 e - a scroll of magic mapping {unknown}
 g - 5 scrolls of remove curse {unknown}
 h - a scroll of fog {unknown}
 j - 2 scrolls of enchant weapon {unknown}
 l - a scroll of fear {unknown}
 n - a scroll of identify {unknown}
Potions
 d - a potion of might
 i - a potion of ambrosia {unknown}
 m - 2 potions of lignification {unknown}
 p - a potion of flight {unknown}
 q - a potion of berserk rage {unknown}
Comestibles
 f - 2 rations


   Skills:
 + Level 4.3 Fighting
 + Level 3.1 Long Blades
 + Level 4.3 Armour
 + Level 1.2 Dodging
 + Level 4.3 Shields


You had 3 spell levels left.
You didn't know any spells.
Your spell library was empty.

Dungeon Overview and Level Annotations

Branches:
Dungeon (4/15)
 Temple: D:4-7

Altars:
Sif Muna
Trog

Annotations:
D:4 Blork the orc


Innate Abilities, Weirdness & Mutations

You reflexively headbutt those who attack you in melee.
You have a pair of horns on your head.


Message History

The orc hits you but does no damage. You block the orc priest's attack.
You barely miss the orc priest.
The orc priest is moderately wounded.
The orc barely misses you. You furiously retaliate!
You headbutt the orc!
You kill the orc!
The orc priest begins to cast a cantrip, but forgets the words!
You closely miss the orc priest. Your headbutt misses the orc priest.
The orc priest is moderately wounded.
The orc priest hits you but does no damage.
You block the orc priest's attack.
You slash the orc priest!
The orc priest is almost dead.
The orc priest calls down the wrath of Beogh upon you.
Beogh smites you!
* * * LOW HITPOINT WARNING * * *
You closely miss the orc priest.
The orc priest is almost dead.
The orc priest invokes the aid of Beogh against you.
Beogh smites you!
You die...

#.# #.# #.# #.# ##.##
... #.#
...#.########<######
.....oo@...?.........
...#.###†...######...
#....# #....#
........ .....#####
......# ......#


You could see an orc priest and an orc.

Vanquished Creatures
  An adder (D:2)
  An ooze (D:1)
  A worm (D:2)
  A dart slug (D:1)
  3 leopard geckos
  An orc (D:3)
  A ball python (D:1)
  2 giant cockroaches (D:1)
  6 goblins
  8 hobgoblins
  4 jackals (D:2)
  5 kobolds
  A quokka (D:2)
  10 bats
  3 rats
48 creatures vanquished.

Notes
Turn   | Place    | Note
-------+----------+-------------------------------------------
     0 | D:1      | Peloso the Minotaur Fighter began the quest for the Orb.
     0 | D:1      | Reached XP level 1. HP: 19/19 MP: 0/0
   110 | D:1      | Reached XP level 2. HP: 26/27 MP: 1/1
   364 | D:1      | Reached XP level 3. HP: 33/33 MP: 2/2
   762 | D:2      | Found a bloodstained altar of Trog.
   864 | D:2      | You fall through a shaft for 2 floors!
   864 | D:4      | Found a deep blue altar of Sif Muna.
   864 | D:4      | Noticed Blork the orc
  1275 | D:2      | Reached skill level 1 in Dodging
  1275 | D:2      | Reached XP level 4. HP: 40/40 MP: 3/3
  1541 | D:3      | Killed from afar by an orc priest

Skill      XL: |  1  2  3 |
---------------+----------+-----
Fighting       | 4 |  4.3
Armour         | 4 |  4.3
Shields        | 4 |  4.3
Long Blades    | 3 |  3.1
Dodging        | 1 |  1.2

Action                   |  1- 3 |  4- 6 || total
-------------------------+-------+-------++-------
Melee: Long sword        |    85 |    19 ||   104
       Headbutt          |    20 |     1 ||    21
  Eat: Chunk             |     1 |     1 ||     2
Armor: Scale mail        |    55 |    11 ||    66
Dodge: Dodged            |    39 |     5 ||    44
Block: Shield            |    64 |    10 ||    74
       Rpst.: Long sword |    11 |       ||    11
